 Dungeon Crawl Stone Soup version 0.27.1-34-g3ba077fa99 (webtiles) character file.

Game seed: 8729435145288836101

5790 raph the Destroyer (level 10, -1/83 HPs)
             Began as a Green Draconian Conjurer on Jan 26, 2022.
             Was a Follower of Vehumet.
             Slain by a tentacled starspawn (12 damage)
             ... on level 2 of the Abyss.
             The game lasted 00:22:20 (13530 turns).

raph the Destroyer (Green Draconian Conjurer)      Turns: 13530, Time: 00:22:20

Health: -1/83      AC: 13    Str: 15      XL:     10   Next: 50%
Magic:  18/18      EV: 10    Int: 23 (24) God:    Vehumet [*.....]
Gold:   615        SH:  0    Dex: 10 (11) Spells: 6/20 levels left

rFire    . . .     SeeInvis +   a - +6 quick blade of Trauma {freeze, rElec rC+ Int+3 Stlth+}
rCold    + . .     Faith    .   (no shield)
rNeg     . . .     Spirit   .   (armour unavailable)
rPois    +         Reflect  +   (helmet restricted)
rElec    +         Harm     .   g - +1 cloak
rCorr    .         Rampage  .   q - +0 pair of gloves
Will     .....                  t - +2 pair of boots
Stlth    ++........             l - amulet of reflection
HPRegen  0.23/turn              b - +6 ring of strength
MPRegen  0.16/turn              w - ring of see invisible

@: confused, about to teleport, ambrosia-drunk, unable to read, very slightly
contaminated, constricted
A: breathe noxious fumes, AC +7, unfitting armour, poison resistance,
cold-blooded, [deterioration 2], [inability to read while threatened]
a: Breathe Noxious Fumes, Renounce Religion


You were on level 2 of the Abyss.
You worshipped Vehumet.
Vehumet was aware of your devotion.
You visited 2 branches of the dungeon, and saw 10 of its levels.
You visited the Abyss 1 time.

You collected 615 gold pieces.

Inventory:

Hand Weapons
 a - the +6 quick blade of Trauma (weapon) {freeze, rElec rC+ Int+3 Stlth+}
   (You acquired it on level 8 of the Dungeon)

   It freezes those it strikes, dealing additional cold damage.
   It can also slow down cold-blooded creatures.
   Int:       It affects your intelligence (+3).
   rC:        It protects you from cold.
   rElec:     It insulates you from electricity.
   Stlth:     It makes you more stealthy.
 h - a +2 quarterstaff of chaos
 o - a +1 long sword of draining
 A - a +0 vorpal hand axe
Missiles
 j - 7 boomerangs
 u - 3 throwing nets
Armour
 g - a +1 cloak (worn)
 q - a +0 pair of gloves (worn)
 t - a +2 pair of boots (worn)
Jewellery
 b - a +6 ring of strength (left hand)
 i - a ring of resist corrosion
 l - an amulet of reflection (around neck)
 s - a +6 ring of strength
 w - a ring of see invisible (right hand)
 y - a ring of willpower
Wands
 p - a wand of mindburst (8)
 B - a wand of charming (23)
Scrolls
 n - a scroll of teleportation
 v - 2 scrolls of amnesia
 x - 2 scrolls of identify
Potions
 c - 3 potions of mutation
 d - 5 potions of curing
 e - a potion of cancellation
 f - a potion of lignification
 k - 2 potions of flight
 m - a potion of ambrosia
 r - 2 potions of haste
 z - a potion of might


   Skills:
 + Level 6.1 Fighting
 + Level 5.5 Dodging
 + Level 5.9 Stealth
 + Level 5.5 Spellcasting
 * Level 10.6 Conjurations
 - Level 4.0 Hexes


You had 6 spell levels left.
You knew the following spells:

 Your Spells              Type           Power      Damage    Failure   Level
a - Magic Dart            Conj           100%       1d8       1%          1
b - Searing Ray           Conj           100%       3d7       1%          2
c - Dazzling Flash        Conj/Hex       80%        N/A       1%          3
d - Fulminant Prism       Conj/Hex       20%        3d13      4%          4
e - Iskenderun's Mystic   Conj/Tloc      30%        2d8       10%         4

Your spell library contained the following spells:

 Spells                   Type           Power      Damage    Failure   Level
 Shock                    Conj/Air       100%       1d9       1%          1


Dungeon Overview and Level Annotations

Branches:
Dungeon (9/15)             Temple (1/1) D:4
   Lair: D:8-11         Orc: D:9-12

Altars:
Ashenzari
Cheibriados
Elyvilon
Gozag
Hepliaklqana
Nemelex Xobeh
Okawaru
Qazlal
Ru
Trog
Vehumet
Wu Jian
Xom
Yredelemnul
Zin
The Shining One

Annotations:
D:9 Erolcha


Innate Abilities, Weirdness & Mutations

You can breathe blasts of noxious fumes.
Your lurid green scales are hard. (AC +7)
You cannot fit into any form of body armour.
Your system is resistant to poisons. (rPois)
You are cold-blooded and may be slowed by cold attacks.
[Your body often deteriorates upon taking damage.]
[You sometimes lose the ability to read scrolls when taking damage.]


Message History

You escape the starspawn tentacle's grasp.
You hit the starspawn tentacle. You freeze the starspawn tentacle.
The starspawn tentacle is lightly damaged.
Casting: Iskenderun's Mystic Blast (dangerous; 10% risk of failure)
Confirm with . or Enter, or press ? or * to list all spells.
You miscast Iskenderun's Mystic Blast.
You are very lightly contaminated with residual magic.
Nothing appears to happen.
The starspawn tentacle closely misses you.
You hit the tentacled starspawn. You freeze the tentacled starspawn.
The tentacled starspawn is lightly damaged.
The tentacled starspawn completely misses you.
The tentacled starspawn tentacle-slaps you but does no damage.
You hit the tentacled starspawn but do no damage.
The tentacled starspawn is lightly damaged.
The starspawn tentacle closely misses you.
The tentacled starspawn bites you!!
You feel threatened and lose the ability to read scrolls!
* * * LOW HITPOINT WARNING * * *
The tentacled starspawn tentacle-slaps you but does no damage.
You can read scrolls again.
The tentacled starspawn bites you.
* * * LOW HITPOINT WARNING * * *
The tentacled starspawn closely misses you.
You are confused.
You feel invigorated. The starspawn tentacle grabs you.
The starspawn tentacle constricts you.
The tentacled starspawn bites you but does no damage.
The tentacled starspawn misses you.
You hit the starspawn tentacle. You freeze the starspawn tentacle.
The starspawn tentacle is heavily damaged.
The starspawn tentacle constricts you.
You bump into the stone wall.
The tentacled starspawn bites you!
You feel threatened and lose the ability to read scrolls!
* * * LOW HITPOINT WARNING * * *
The tentacled starspawn tentacle-slaps you!
* * * LOW HITPOINT WARNING * * *
The starspawn tentacle constricts you. The tentacled starspawn bites you!
You die...

. #
...#...##.##..
#.### ##. .
#.# #..#...
.##.X# #
###...#X#.#
..## .###..#
#. .. . ##.##
#. ## # ####w#
..# .
##..X##### ##.
#w@#
##..###### #.
###


You could see a tentacled starspawn and 2 starspawn tentacles.

Vanquished Creatures
  A deep elf pyromancer (D:7)
  An ancient zyme (Abyss:2)
  A troll (D:7)
  A large abomination (Abyss:2)
  10 yaks
  Edmund (D:6)
  A water moccasin (D:9)
  2 small abominations (Abyss:2)
  3 ice beasts (D:7)
  An orc warrior (D:8)
  A sky beast (D:6)
  A necrophage (D:6)
  3 ogres
  A swamp dragon skeleton (Abyss:2)
  3 centaurs
  A phantom (D:6)
  A gnoll sergeant (D:5)
  2 wyvern zombies
  4 scorpions
  5 wights (D:8)
  4 howler monkeys
  3 bullfrog zombies
  3 centaur zombies
  2 orc priests (D:8)
  A jelly (D:4)
  Crazy Yiuf (D:2)
  A bullfrog skeleton (D:6)
  An iguana (D:7)
  5 orc wizards
  A hound skeleton (D:5)
  Robin (D:2)
  15 gnolls
  6 adders
  A shadow imp (D:6)
  2 white imps
  2 ufetubi (D:6)
  3 worms
  11 orcs
  8 endoplasms
  9 giant cockroaches
  19 goblins
  12 hobgoblins
  4 jackals (D:5)
  6 quokkas
  3 ball pythons
  4 bats
  A frilled lizard (D:2)
  9 kobolds
  10 rats
  A fulminant prism (D:7)
193 creatures vanquished.

Vanquished Creatures (collateral kills)
  A shadow imp (D:5)
1 creature vanquished.

Vanquished Creatures (others)
  4 fulminant prisms
  2 fungi (D:2)
6 creatures vanquished.

Grand Total: 200 creatures vanquished

Notes
Turn   | Place    | Note
-------+----------+-------------------------------------------
     0 | D:1      | raph the Draconian Conjurer began the quest for the Orb.
     0 | D:1      | Reached XP level 1. HP: 14/14 MP: 3/3
     2 | D:1      | Noticed a djinni
     4 | D:1      | Noticed an ogre
     4 | D:1      | Noticed a felid
     6 | D:1      | Noticed an octopode
     6 | D:1      | Noticed a vampire
     8 | D:1      | Noticed a human
     8 | D:1      | Noticed a minotaur
    10 | D:1      | Noticed a demonspawn
    10 | D:1      | Noticed a vine stalker
    12 | D:1      | Noticed a troll
    14 | D:1      | Noticed a demigod
    14 | D:1      | Noticed a spriggan
    16 | D:1      | Noticed a formicid
    18 | D:1      | Noticed an elf
    18 | D:1      | Noticed a ghoul
    20 | D:1      | Noticed a barachi
    20 | D:1      | Noticed a gargoyle
    22 | D:1      | Noticed a naga
    22 | D:1      | Noticed a dwarf
    24 | D:1      | Noticed a tengu
    24 | D:1      | Noticed a palentonga
    26 | D:1      | Noticed a merfolk
    26 | D:1      | Noticed a draconian
   397 | D:1      | Reached XP level 2. HP: 20/20 MP: 1/5
   785 | D:1      | Learned a level 2 spell: Searing Ray
  1745 | D:2      | Found a faded altar of an unknown god.
  1748 | D:2      | Reached skill level 5 in Conjurations
  1748 | D:2      | Reached XP level 3. HP: 26/26 MP: 2/6
  1752 | D:2      | Learned a level 3 spell: Dazzling Flash
  2360 | D:2      | Reached XP level 4. HP: 33/33 MP: 1/7
  2662 | D:2      | Noticed Robin
  2972 | D:2      | Killed Robin
  2979 | D:2      | Reached skill level 6 in Conjurations
  3338 | D:2      | Found a runed translucent door.
  3339 | D:2      | Noticed Crazy Yiuf
  3344 | D:2      | Killed Crazy Yiuf
  3767 | D:3      | Reached XP level 5. HP: 38/38 MP: 8/8
  5880 | D:4      | Reached skill level 1 in Fighting
  5880 | D:4      | Reached skill level 7 in Conjurations
  5880 | D:4      | Reached XP level 6. HP: 47/47 MP: 4/9
  6877 | D:4      | Found a staircase to the Ecumenical Temple.
  6916 | Temple   | Entered the Ecumenical Temple
  7098 | Temple   | Became a worshipper of Vehumet
  7212 | D:5      | Entered Level 5 of the Dungeon
  7220 | D:5      | Your scales start taking on a lurid green colour.
  7220 | D:5      | Reached XP level 7. HP: 55/55 MP: 4/11
  7220 | D:5      | Gained mutation: Your system is resistant to poisons.
                  | (rPois) [Green Draconian growth]
  7780 | D:5      | Found a basalt altar of Yredelemnul.
  7925 | D:5      | Learned a level 4 spell: Fulminant Prism
  7997 | D:5      | Identified the +1 robe "Bomnialant" {rElec rN+}
  8302 | D:6      | Noticed a yak
  8302 | D:6      | Noticed a yak
  8303 | D:6      | Noticed a yak
  8306 | D:6      | Noticed a yak
  8307 | D:6      | Noticed a yak
  8309 | D:6      | Reached skill level 8 in Conjurations
  8321 | D:5      | Killed a yak
  8322 | D:5      | Reached XP level 8. HP: 52/63 MP: 5/12
  8526 | D:6      | Noticed Edmund
  8541 | D:6      | Reached skill level 1 in Hexes
  8543 | D:6      | Killed Edmund
  9019 | D:6      | Reached skill level 9 in Conjurations
  9019 | D:6      | Reached XP level 9. HP: 53/71 MP: 9/15
  9160 | D:6      | Reached * piety under Vehumet
  9160 | D:6      | Offered knowledge of Shock by Vehumet.
  9202 | D:6      | Learned a level 4 spell: Iskenderun's Mystic Blast
  9348 | D:6      | Noticed a torpor snail
  9350 | D:6      | Found a snail-covered altar of Cheibriados.
  9350 | D:6      | Noticed a torpor snail
  9350 | D:6      | Noticed a torpor snail
 10169 | D:7      | Found an opulent altar of Gozag.
 10447 | D:7      | Noticed a troll
 10458 | D:7      | Killed a troll
 10459 | D:7      | Reached skill level 5 in Fighting
 10459 | D:7      | Reached skill level 5 in Stealth
 10790 | D:7      | Noticed a deep elf pyromancer
 10795 | D:7      | Killed a deep elf pyromancer
 10796 | D:7      | Reached skill level 5 in Dodging
 11238 | D:7      | Reached skill level 5 in Spellcasting
 11238 | D:7      | Reached skill level 10 in Conjurations
 11402 | D:8      | Reached XP level 10. HP: 81/81 MP: 13/17
 12119 | D:8      | Identified a scroll of acquirement
 12119 | D:8      | Acquired the +6 quick blade of Trauma {freeze, rElec rC+
                  | Int+3 Stlth+}
 12557 | D:9      | Found an iron altar of Okawaru.
 12674 | D:9      | Noticed Erolcha
 12674 | D:9      | Cast into level 2 of the Abyss (Erolcha)
 12681 | Abyss:2  | Noticed a wretched star
 12721 | Abyss:2  | Noticed a thrashing horror
 12846 | Abyss:2  | Noticed a sixfirhy
 12860 | Abyss:2  | Noticed a smoke demon
 12943 | Abyss:2  | Noticed a thrashing horror
 12953 | Abyss:2  | Noticed a thrashing horror
 12953 | Abyss:2  | Noticed a wretched star
 12968 | Abyss:2  | Found a corrupted altar of Lugonu.
 12969 | Abyss:2  | Noticed a cacodemon
 12969 | Abyss:2  | Noticed a glowing orange brain
 12969 | Abyss:2  | Noticed a balrug
 13034 | Abyss:2  | Noticed a sixfirhy
 13101 | Abyss:2  | Noticed a spatial maelstrom
 13134 | Abyss:2  | Noticed a worldbinder
 13209 | Abyss:2  | Noticed a thrashing horror
 13215 | Abyss:2  | Noticed a sixfirhy
 13339 | Abyss:2  | Noticed a profane servitor
 13353 | Abyss:2  | Noticed a tentacled starspawn
 13360 | Abyss:2  | Noticed a glowing orange brain
 13509 | Abyss:2  | Noticed a tentacled starspawn
 13530 | Abyss:2  | Slain by a tentacled starspawn

Illustrated notes

Levels and vault maps discovered:
D:1:      kb_arrival_jail, layout_loops_corners, serial_glass, glass_columns_c,
          glass_columns_a, glass_columns_c, glass_columns_a, glass_columns_b,
          ebering_dispersal_statue_hall, minmay_misc_feat_five,
          grunt_decor_junction
D:2:      layout_rooms, basic_ecumenical_altar, uniq_crazy_yiuf_cottage,
          uniq_robin
D:3:      minmay_skewed_foursquare, layout_basic, minmay_increasing_density
D:4:      layout_loops_corners, minmay_temple_entry_nine_rooms,
          minmay_pentomino_pile
D:5:      layout_basic, lemuel_doored_altar, minmay_misc_feat_tower
D:6:      layout_basic, cheibriados_altar_2, nrook_mini_backslash, uniq_edmund
D:7:      layout_rooms, kennysheep_mini, wad_mini_maze
D:8:      layout_cave_pools
D:9:      layout_basic, amcnicky_altar_gilded, lair_entry_dummy, uniq_erolcha,
          uniq_maggie, uniq_pikel
Temple:   chequers_temple_sunken
Abyss:2:  base: D:9, minivault_28, minivault_27, bh_abyss_negative,
          hangedman_cross_veins, kilobyte_mutagenic_chamber,
          hangedman_abyss_or_decor_passed, evilmike_abyss_exit_mutagenic,
          serial_sigils_hangedman_gut

Skill      XL: |  1  2  3  4  5  6  7  8  9 10 |
---------------+-------------------------------+-----
Conjurations   | 5 6 7 8 9 10 | 10.6
Stealth        | 2 3 4 5 |  5.9
Dodging        | 2 3 4 5 |  5.5
Fighting       | 1 2 3 4 5 6 |  6.1
Spellcasting   | 3 4 5 |  5.5
Hexes          | 2 3 4 |  4.0

Action                   |  1- 3 |  4- 6 |  7- 9 | 10-12 || total
-------------------------+-------+-------+-------+-------++-------
Melee: Unarmed           |    20 |       |       |       ||    20
       Hand axe          |    45 |    24 |    21 |       ||    90
       Tailslap          |     6 |     2 |    10 |     3 ||    21
       Long sword        |       |       |    31 |     3 ||    34
       Quick blade       |       |       |       |    17 ||    17
 Cast: Magic Dart        |    36 |    24 |    19 |     5 ||    84
       Searing Ray       |    10 |    38 |    36 |    23 ||   107
       Dazzling Flash    |     1 |     2 |       |       ||     3
       Fulminant Prism   |       |       |     3 |     2 ||     5
       Iskenderun's Myst |       |       |       |     5 ||     5
 Abil: Breathe Noxious F |       |       |    11 |     3 ||    14
  Use: Scroll            |     5 |     7 |     3 |    13 ||    28
       Potion            |       |       |       |     2 ||     2
 Stab: Confused          |       |       |     1 |       ||     1
       Sleeping          |       |       |       |     1 ||     1
Armor: Skin              |    20 |    23 |    45 |    49 ||   137
Dodge: Dodged            |    61 |    39 |    89 |    68 ||   257
Block: Other             |       |       |       |     9 ||     9
       Rpst.: Long sword |       |       |    20 |     2 ||    22
